[ AOE2 MATCH · #488780100 ]
UnrankedWu vs Lithuanians
[ REPLAY ANALYSIS · EXTRACTED FROM THE RECORDED GAME ]
Feudal
11:57
Castle
17:42
Imperial
38:45
| APM avg | 20.8 |
| APM peak | 85 |
| eAPM avg | 11.7 |
| Villagers / military | 101 / 178 |
Focus
⚔️ 32.9% · 🌾 67.1%
Spearman ×177 · Unknown (1974) ×82 · Trade Cog ×74 · Unknown (1942) ×14 · Militia ×1 · Unknown (1948) ×1
Feudal
10:46
Castle
15:20
Imperial
35:39
| APM avg | 33.5 |
| APM peak | 73 |
| eAPM avg | 17.5 |
| Villagers / military | 118 / 263 |
Focus
⚔️ 29.8% · 🌾 70.2%
Skirmisher ×142 · Leitis ×67 · Scout Cavalry ×50 · Trade Cog ×11 · Monk ×2 · Transport Ship ×2
Feudal
12:40
Castle
21:38
Imperial
41:54
| APM avg | 23.3 |
| APM peak | 61 |
| eAPM avg | 12.3 |
| Villagers / military | 111 / 308 |
Focus
⚔️ 30.8% · 🌾 69.2%
Spearman ×284 · Trade Cog ×12 · Knight ×9 · Galley ×5 · Cannon Galleon ×5 · Scout Cavalry ×4
Feudal
11:12
Castle
17:40
Imperial
31:54
| APM avg | 42.4 |
| APM peak | 101 |
| eAPM avg | 18.8 |
| Villagers / military | 135 / 357 |
Focus
⚔️ 33.3% · 🌾 66.7%
Scout Cavalry ×229 · Archer ×98 · Trade Cog ×40 · Knight ×19 · Fishing Ship ×6 · Shotel Warrior ×5
Feudal
12:34
Castle
18:05
Imperial
35:25
| APM avg | 49.1 |
| APM peak | 87 |
| eAPM avg | 21.5 |
| Villagers / military | 144 / 242 |
Focus
⚔️ 28.6% · 🌾 71.4%
Archer ×175 · Longboat ×29 · Berserk ×27 · Trade Cog ×18 · Trade Cart ×11 · Galley ×6
Feudal
10:59
Castle
17:45
Imperial
39:06
| APM avg | 32.0 |
| APM peak | 75 |
| eAPM avg | 18.4 |
| Villagers / military | 126 / 284 |
Focus
⚔️ 44.2% · 🌾 55.8%
Skirmisher ×107 · Knight ×97 · Spearman ×54 · Battering Ram ×11 · Scout Cavalry ×10 · Fishing Ship ×5
Match map
Initial resources + every placement click. Lines = walls · curves = elevation contours. ◆ gold · ⬟ stone · ● berries · ✦ relic · ◌ wall gap
Your base· ✓ Map-separated
Feigling#7's base· ✓ Map-separated
Brudi Love's base· ✓ Map-separated
lofty's base· ✓ Map-separated
Klacks's base· ✓ Map-separated
deju30's base· ✓ Map-separated
Smoothed initial terrain · ◌ = detected wall gap · hover for details
Inputs per minute
— [AJJRR] Minillop - - Feigling#7
Build order — [AJJRR] Minillop
First 150 of 309 actions detected
| 0:00 | Create | Villager (Male) |
| 0:01 | Create | Villager (Male) |
| 0:02 | Build | House |
| 0:05 | Build | House |
| 0:29 | Create | Villager (Male) |
| 0:29 | Create | Villager (Male) |
| 1:19 | Create | Villager (Male) |
| 1:48 | Build | Lumber Camp |
| 2:12 | Create | Villager (Male) |
| 2:12 | Create | Villager (Male) |
| 2:41 | Create | Villager (Male) |
| 2:41 | Create | Villager (Male) |
| 3:10 | Create | Villager (Male) |
| 3:55 | Create | Villager (Male) |
| 3:55 | Create | Villager (Male) |
| 4:01 | Build | House |
| 4:06 | Build | House |
| 4:21 | Create | Villager (Male) |
| 4:22 | Create | Villager (Male) |
| 4:55 | Create | Villager (Male) |
| 5:33 | Create | Villager (Male) |
| 5:51 | Build | Mill |
| 5:55 | Create | Villager (Male) |
| 5:55 | Create | Villager (Male) |
| 5:55 | Create | Villager (Male) |
| 5:55 | Create | Villager (Male) |
| 6:16 | Create | Villager (Male) |
| 6:16 | Create | Villager (Male) |
| 6:47 | Create | Villager (Male) |
| 6:47 | Create | Villager (Male) |
| 6:47 | Create | Villager (Male) |
| 6:47 | Create | Villager (Male) |
| 7:06 | Build | Palisade Gate |
| 7:10 | Build | Palisade Wall |
| 7:12 | Build | Palisade Wall |
| 7:37 | Create | Villager (Male) |
| 7:45 | Build | House |
| 7:57 | Build | Palisade Wall |
| 7:58 | Build | Palisade Wall |
| 8:00 | Build | Palisade Wall |
| 8:01 | Build | Palisade Wall |
| 8:02 | Build | Palisade Wall |
| 8:05 | Build | Palisade Wall |
| 8:35 | Build | Palisade Wall |
| 8:37 | Build | Palisade Wall |
| 8:38 | Build | Palisade Wall |
| 8:40 | Build | Palisade Wall |
| 8:53 | Build | Mill |
| 9:44 | Research | Feudal Age |
| 11:26 | Build | Mining Camp |
| 11:57 | Age | Feudal Age |
| 12:03 | Create | Villager (Male) |
| 12:03 | Create | Villager (Male) |
| 12:27 | Create | Villager (Male) |
| 12:34 | Build | Blacksmith |
| 12:54 | Research | Loom |
| 14:07 | Build | House |
| 14:12 | Build | Palisade Wall |
| 14:16 | Create | Villager (Male) |
| 14:22 | Build | Market |
| 14:36 | Create | Villager (Male) |
| 15:02 | Research | Castle Age |
| 15:09 | Research | Horse Collar |
| 15:13 | Research | Double-Bit Axe |
| 15:17 | Build | Farm |
| 15:19 | Build | Farm |
| 15:22 | Build | Farm |
| 16:02 | Build | Barracks |
| 16:15 | Build | Palisade Wall |
| 16:36 | Create | Villager (Male) |
| 16:36 | Create | Villager (Male) |
| 16:42 | Build | Barracks |
| 17:38 | Build | Farm |
| 17:39 | Build | Farm |
| 17:39 | Build | Farm |
| 17:42 | Age | Castle Age |
| 17:46 | Build | Farm |
| 17:51 | Research | Heavy Plow |
| 17:57 | Build | House |
| 18:01 | Build | Palisade Wall |
| 18:18 | Build | House |
| 18:22 | Create | Villager (Male) |
| 18:22 | Create | Villager (Male) |
| 18:43 | Create | Unit 1974 |
| 18:44 | Create | Unit 1974 |
| 18:46 | Create | Unit 1974 |
| 18:47 | Create | Unit 1974 |
| 19:13 | Build | Dock |
| 19:26 | Build | House |
| 19:27 | Build | House |
| 19:30 | Build | House |
| 19:33 | Create | Villager (Male) |
| 19:33 | Create | Villager (Male) |
| 19:35 | Build | Farm |
| 19:52 | Research | Caravan |
| 20:13 | Build | Town Center |
| 20:22 | Research | Bow Saw |
| 20:48 | Build | Mining Camp |
| 20:59 | Create | Villager (Male) ×5 |
| 21:36 | Build | Dock |
| 21:39 | Build | Dock |
| 21:49 | Create | Villager (Male) ×5 |
| 22:02 | Create | Villager (Male) ×5 |
| 22:21 | Build | Town Center |
| 23:02 | Create | Trade Cog ×3 |
| 23:11 | Build | House |
| 23:14 | Build | House |
| 23:15 | Build | House |
| 23:21 | Create | Villager (Male) ×5 |
| 23:37 | Create | Villager (Male) ×5 |
| 23:44 | Create | Trade Cog ×3 |
| 24:00 | Create | Trade Cog ×3 |
| 24:03 | Create | Villager (Male) |
| 24:24 | Build | House |
| 24:26 | Build | House |
| 24:27 | Build | House |
| 24:30 | Create | Villager (Male) |
| 24:34 | Create | Trade Cog ×3 |
| 25:02 | Research | Town Watch |
| 25:08 | Create | Trade Cog ×5 |
| 25:21 | Build | House |
| 25:26 | Build | House |
| 25:27 | Build | House |
| 25:28 | Build | House |
| 25:32 | Create | Villager (Male) |
| 25:43 | Build | Farm |
| 25:44 | Build | Farm |
| 25:44 | Build | Farm |
| 25:44 | Build | Farm |
| 25:44 | Build | Farm |
| 25:45 | Build | Farm |
| 25:45 | Build | Farm |
| 25:45 | Build | Farm |
| 25:51 | Create | Villager (Male) |
| 25:58 | Create | Villager (Male) ×2 |
| 26:09 | Build | Farm |
| 26:09 | Build | Farm |
| 26:10 | Build | Farm |
| 26:10 | Build | Farm |
| 26:10 | Build | Farm |
| 26:11 | Build | Farm |
| 26:15 | Create | Villager (Male) |
| 26:18 | Create | Trade Cog |
| 26:31 | Build | Lumber Camp |
| 26:38 | Create | Villager (Male) |
| 26:47 | Create | Trade Cog ×2 |
| 26:58 | Create | Villager (Male) ×2 |
| 26:58 | Create | Villager (Male) ×2 |
| 27:15 | Build | Barracks |
| 27:28 | Research | Pikeman (upgrade) |
Build order — Feigling#7
First 150 of 458 actions detected
| 0:01 | Create | Villager (Male) |
| 0:01 | Create | Villager (Male) |
| 0:01 | Create | Villager (Male) |
| 0:01 | Create | Villager (Male) |
| 0:02 | Create | Villager (Male) |
| 0:03 | Build | House |
| 0:05 | Build | House |
| 0:35 | Create | Villager (Male) |
| 1:40 | Create | Villager (Male) |
| 2:02 | Create | Villager (Male) |
| 2:02 | Create | Villager (Male) |
| 2:10 | Build | Lumber Camp |
| 2:39 | Create | Villager (Male) |
| 2:39 | Create | Villager (Male) |
| 3:17 | Create | Villager (Male) |
| 3:53 | Build | House |
| 3:54 | Build | House |
| 3:57 | Create | Villager (Male) |
| 4:33 | Create | Villager (Male) |
| 4:34 | Create | Villager (Male) |
| 4:39 | Build | Mill |
| 5:00 | Create | Villager (Male) |
| 6:10 | Create | Villager (Male) |
| 6:11 | Create | Villager (Male) |
| 6:27 | Create | Villager (Male) |
| 6:27 | Create | Villager (Male) |
| 6:28 | Create | Villager (Male) |
| 6:28 | Create | Villager (Male) |
| 7:11 | Build | Lumber Camp |
| 7:15 | Create | Villager (Male) |
| 7:15 | Create | Villager (Male) |
| 7:45 | Research | Loom |
| 8:02 | Build | Mining Camp |
| 8:16 | Build | Palisade Wall |
| 8:36 | Research | Feudal Age |
| 10:08 | Build | Palisade Wall |
| 10:11 | Build | Palisade Wall |
| 10:46 | Age | Feudal Age |
| 10:50 | Build | Market |
| 10:55 | Build | Blacksmith |
| 11:00 | Create | Villager (Male) |
| 11:00 | Create | Villager (Male) |
| 11:01 | Create | Villager (Male) |
| 11:41 | Build | House |
| 11:48 | Create | Villager (Male) |
| 12:18 | Build | Mining Camp |
| 12:28 | Research | Castle Age |
| 12:44 | Build | Palisade Wall |
| 12:49 | Build | Palisade Gate |
| 13:22 | Research | Double-Bit Axe |
| 13:55 | Build | Palisade Wall |
| 13:56 | Build | Palisade Wall |
| 13:57 | Build | Palisade Wall |
| 13:59 | Build | Palisade Wall |
| 14:08 | Build | Palisade Wall |
| 14:50 | Build | House |
| 14:52 | Build | House |
| 15:09 | Build | House |
| 15:15 | Build | House |
| 15:18 | Create | Villager (Male) |
| 15:18 | Create | Villager (Male) |
| 15:18 | Create | Villager (Male) |
| 15:20 | Age | Castle Age |
| 15:23 | Build | Town Center |
| 15:41 | Create | Villager (Male) |
| 15:55 | Create | Villager (Male) |
| 16:08 | Research | Bow Saw |
| 16:28 | Build | Mill |
| 16:38 | Build | Palisade Wall |
| 16:42 | Build | Palisade Gate |
| 17:22 | Create | Villager (Male) |
| 17:22 | Create | Villager (Male) |
| 17:23 | Create | Villager (Male) |
| 17:28 | Build | Farm |
| 17:28 | Build | Farm |
| 17:29 | Build | Farm |
| 17:29 | Build | Farm |
| 17:53 | Build | Castle |
| 17:58 | Build | Farm |
| 18:01 | Create | Villager (Male) |
| 18:01 | Create | Villager (Male) |
| 18:02 | Create | Villager (Male) |
| 18:16 | Build | Farm |
| 18:36 | Build | Monastery |
| 18:56 | Research | Scale Barding Armor |
| 19:06 | Build | House |
| 19:07 | Build | House |
| 19:16 | Create | Villager (Male) |
| 19:16 | Create | Villager (Male) |
| 19:17 | Create | Villager (Male) |
| 19:22 | Create | Monk |
| 19:35 | Create | Villager (Male) |
| 19:45 | Build | Farm |
| 19:49 | Create | Villager (Male) |
| 19:49 | Create | Villager (Male) |
| 20:16 | Build | Farm |
| 20:22 | Create | Leitis |
| 20:22 | Create | Leitis |
| 20:38 | Build | Farm |
| 20:41 | Build | Farm |
| 21:05 | Build | Town Center |
| 21:10 | Build | Farm |
| 21:12 | Create | Leitis |
| 21:12 | Create | Leitis |
| 21:12 | Create | Leitis |
| 21:13 | Create | Leitis |
| 21:39 | Create | Monk |
| 21:42 | Create | Leitis |
| 21:42 | Create | Leitis |
| 22:05 | Create | Villager (Male) |
| 22:06 | Create | Villager (Male) |
| 22:08 | Create | Villager (Male) |
| 22:08 | Create | Villager (Male) |
| 22:11 | Create | Villager (Male) |
| 22:48 | Build | Farm |
| 22:49 | Build | Farm |
| 22:50 | Create | Leitis |
| 22:50 | Create | Leitis |
| 22:51 | Create | Leitis |
| 22:59 | Build | Barracks |
| 23:00 | Build | Outpost |
| 23:01 | Build | Outpost |
| 23:05 | Research | Wheelbarrow |
| 23:08 | Build | Farm |
| 23:09 | Create | Villager (Male) |
| 23:36 | Build | Dock |
| 23:42 | Build | Farm |
| 23:43 | Create | Villager (Male) |
| 23:44 | Create | Villager (Male) |
| 23:44 | Create | Villager (Male) |
| 23:44 | Create | Villager (Male) |
| 23:55 | Build | Farm |
| 24:00 | Build | Stable |
| 24:04 | Create | Leitis |
| 24:05 | Create | Leitis |
| 24:27 | Create | Villager (Male) |
| 24:27 | Create | Villager (Male) |
| 24:27 | Create | Villager (Male) |
| 24:27 | Create | Villager (Male) |
| 24:30 | Build | Farm |
| 24:34 | Build | Farm |
| 24:37 | Create | Villager (Male) |
| 24:37 | Create | Villager (Male) |
| 24:37 | Create | Villager (Male) |
| 24:48 | Build | Farm |
| 25:32 | Create | Leitis |
| 25:32 | Create | Leitis |
| 25:34 | Create | Villager (Male) |
| 25:34 | Create | Villager (Male) |
| 25:34 | Create | Villager (Male) |
Build order — Brudi Love
First 150 of 359 actions detected
| 0:03 | Create | Villager (Male) |
| 0:03 | Create | Villager (Male) |
| 0:03 | Create | Villager (Male) |
| 0:06 | Build | House |
| 0:08 | Build | House |
| 0:38 | Create | Villager (Male) |
| 0:38 | Create | Villager (Male) |
| 1:40 | Create | Villager (Male) |
| 1:41 | Create | Villager (Male) |
| 2:16 | Research | Loom |
| 2:17 | Create | Villager (Male) |
| 2:17 | Create | Villager (Male) |
| 2:37 | Build | Lumber Camp |
| 2:39 | Create | Villager (Male) |
| 2:40 | Create | Villager (Male) |
| 3:06 | Create | Villager (Male) |
| 3:06 | Create | Villager (Male) |
| 3:06 | Create | Villager (Male) |
| 3:34 | Create | Villager (Male) |
| 3:34 | Create | Villager (Male) |
| 3:35 | Create | Villager (Male) |
| 3:58 | Create | Villager (Male) |
| 3:59 | Create | Villager (Male) |
| 3:59 | Create | Villager (Male) |
| 4:54 | Build | House |
| 5:01 | Build | House |
| 5:18 | Create | Villager (Male) |
| 5:19 | Create | Villager (Male) |
| 5:19 | Create | Villager (Male) |
| 5:40 | Create | Villager (Male) |
| 5:40 | Create | Villager (Male) |
| 5:51 | Build | House |
| 7:00 | Create | Villager (Male) |
| 7:01 | Create | Villager (Male) |
| 7:16 | Create | Villager (Male) |
| 7:57 | Build | Dock |
| 8:17 | Create | Villager (Male) |
| 8:17 | Create | Villager (Male) |
| 8:18 | Create | Villager (Male) |
| 8:27 | Build | Mill |
| 9:45 | Create | Fishing Ship |
| 10:27 | Create | Villager (Male) |
| 10:27 | Create | Villager (Male) |
| 10:30 | Research | Feudal Age |
| 11:27 | Build | House |
| 12:00 | Build | Barracks |
| 12:14 | Build | Mining Camp |
| 12:25 | Build | Barracks |
| 12:32 | Build | House |
| 12:34 | Build | Palisade Wall |
| 12:40 | Age | Feudal Age |
| 12:45 | Build | Mill |
| 12:52 | Research | Wheelbarrow |
| 12:53 | Create | Villager (Male) |
| 12:53 | Create | Villager (Male) |
| 13:00 | Build | Stable |
| 13:09 | Create | Villager (Male) |
| 13:11 | Research | Double-Bit Axe |
| 13:27 | Create | Villager (Male) |
| 13:27 | Create | Villager (Male) |
| 14:00 | Build | Lumber Camp |
| 14:04 | Create | Villager (Male) |
| 14:26 | Create | Scout Cavalry |
| 14:26 | Create | Scout Cavalry |
| 14:38 | Build | Blacksmith |
| 15:19 | Create | Scout Cavalry |
| 15:19 | Create | Scout Cavalry |
| 15:32 | Research | Scale Barding Armor |
| 15:32 | Research | Forging |
| 15:50 | Build | Farm |
| 16:21 | Build | Farm |
| 16:22 | Build | Farm |
| 16:24 | Build | Farm |
| 16:26 | Build | Farm |
| 16:29 | Build | Farm |
| 16:34 | Create | Villager (Male) |
| 16:34 | Create | Villager (Male) |
| 17:12 | Create | Villager (Male) |
| 17:12 | Create | Villager (Male) |
| 17:59 | Create | Villager (Male) |
| 18:00 | Create | Villager (Male) |
| 18:26 | Build | Farm |
| 18:27 | Build | Farm |
| 18:28 | Build | Farm |
| 18:29 | Build | Farm |
| 18:49 | Build | House |
| 18:50 | Build | House |
| 18:58 | Research | Castle Age |
| 20:03 | Build | Farm |
| 20:04 | Build | Farm |
| 20:05 | Build | Farm |
| 20:06 | Build | Farm |
| 20:07 | Build | Farm |
| 20:08 | Build | Farm |
| 20:10 | Build | Farm |
| 20:15 | Build | Mining Camp |
| 20:20 | Build | Farm |
| 20:20 | Build | Farm |
| 21:38 | Age | Castle Age |
| 21:45 | Research | Hand Cart |
| 21:54 | Research | Pikeman (upgrade) |
| 21:54 | Create | Spearman |
| 21:55 | Create | Spearman |
| 21:55 | Create | Spearman |
| 21:55 | Create | Spearman |
| 21:58 | Research | Town Watch |
| 22:49 | Research | Squires |
| 22:50 | Create | Spearman |
| 22:50 | Create | Spearman |
| 22:50 | Create | Spearman |
| 22:50 | Create | Spearman |
| 22:53 | Research | Scale Mail Armor |
| 22:54 | Research | Iron Casting |
| 24:16 | Create | Spearman |
| 24:17 | Create | Spearman |
| 25:37 | Create | Villager (Male) |
| 25:38 | Create | Villager (Male) |
| 25:38 | Create | Villager (Male) |
| 25:38 | Create | Villager (Male) |
| 25:38 | Create | Villager (Male) |
| 26:04 | Create | Spearman |
| 26:04 | Create | Spearman |
| 26:05 | Create | Spearman |
| 26:05 | Create | Spearman |
| 26:56 | Create | Villager (Male) |
| 26:57 | Create | Villager (Male) |
| 27:22 | Create | Spearman |
| 27:22 | Create | Spearman |
| 27:22 | Create | Spearman |
| 27:22 | Create | Spearman |
| 27:23 | Create | Spearman |
| 28:06 | Create | Spearman |
| 28:07 | Create | Spearman |
| 28:07 | Create | Spearman |
| 28:07 | Create | Spearman |
| 28:22 | Create | Villager (Male) |
| 28:22 | Create | Villager (Male) |
| 28:38 | Build | Town Center |
| 28:41 | Create | Villager (Male) |
| 28:41 | Create | Villager (Male) |
| 28:44 | Build | House |
| 29:49 | Build | House |
| 29:52 | Build | Palisade Wall |
| 29:55 | Build | House |
| 30:02 | Create | Villager (Male) |
| 30:06 | Create | Villager (Male) |
| 30:06 | Create | Villager (Male) |
| 30:07 | Create | Villager (Male) |
| 30:15 | Create | Villager (Male) |
| 30:15 | Create | Villager (Male) |
Build order — lofty
First 150 of 427 actions detected
| 0:01 | Create | Villager (Male) ×4 |
| 0:02 | Build | House |
| 0:04 | Build | House |
| 1:08 | Create | Villager (Male) |
| 1:52 | Build | Lumber Camp |
| 1:55 | Create | Villager (Male) |
| 2:21 | Build | House |
| 2:23 | Create | Villager (Male) |
| 2:28 | Create | Villager (Male) |
| 2:51 | Build | House |
| 2:53 | Build | Palisade Wall |
| 2:54 | Build | Palisade Wall |
| 2:54 | Build | Palisade Wall |
| 2:56 | Build | Palisade Wall |
| 3:03 | Build | Palisade Wall |
| 3:04 | Build | Palisade Wall |
| 3:08 | Create | Villager (Male) |
| 3:13 | Build | Palisade Wall |
| 3:26 | Create | Villager (Male) |
| 4:05 | Create | Villager (Male) |
| 4:20 | Create | Villager (Male) |
| 4:50 | Create | Villager (Male) |
| 5:07 | Build | Dock |
| 5:24 | Create | Villager (Male) |
| 5:27 | Create | Villager (Male) |
| 5:59 | Create | Fishing Ship |
| 6:12 | Create | Villager (Male) |
| 6:39 | Create | Villager (Male) |
| 6:43 | Create | Fishing Ship |
| 6:49 | Create | Fishing Ship |
| 6:59 | Create | Villager (Male) |
| 7:20 | Create | Villager (Male) |
| 7:23 | Build | Lumber Camp |
| 7:36 | Research | Loom |
| 7:38 | Build | House |
| 7:49 | Build | House |
| 7:50 | Build | House |
| 8:03 | Create | Villager (Male) |
| 8:32 | Create | Villager (Male) |
| 8:41 | Build | Mining Camp |
| 8:58 | Create | Fishing Ship |
| 9:02 | Research | Feudal Age |
| 9:15 | Build | House |
| 9:53 | Build | Mill |
| 9:55 | Build | House |
| 10:11 | Create | Villager (Male) |
| 10:11 | Create | Villager (Male) |
| 10:28 | Build | Barracks |
| 10:44 | Create | Fishing Ship |
| 11:12 | Age | Feudal Age |
| 11:17 | Research | Double-Bit Axe |
| 11:18 | Research | Horse Collar |
| 11:42 | Create | Demolition Raft |
| 11:44 | Create | Fishing Ship |
| 11:47 | Build | Stable |
| 11:56 | Build | Palisade Wall |
| 11:59 | Build | Palisade Wall |
| 12:05 | Build | Farm |
| 12:06 | Create | Villager (Male) |
| 12:18 | Build | House |
| 12:19 | Build | Palisade Wall |
| 12:20 | Build | Palisade Wall |
| 12:20 | Build | Palisade Wall |
| 12:38 | Build | Palisade Wall |
| 12:43 | Build | Farm |
| 12:46 | Create | Villager (Male) |
| 12:55 | Build | Farm |
| 12:57 | Create | Villager (Male) |
| 12:59 | Build | Farm |
| 13:07 | Build | House |
| 13:08 | Build | House |
| 13:13 | Build | Palisade Wall |
| 13:23 | Build | Palisade Wall |
| 13:35 | Build | Palisade Wall |
| 13:36 | Build | Palisade Wall |
| 13:39 | Build | Farm |
| 13:45 | Create | Villager (Male) |
| 14:07 | Build | Blacksmith |
| 14:09 | Create | Villager (Male) |
| 14:13 | Build | Farm |
| 14:18 | Build | Stable |
| 14:30 | Build | Mill |
| 14:32 | Create | Villager (Male) |
| 14:58 | Research | Castle Age |
| 14:58 | Research | Castle Age |
| 15:01 | Build | House |
| 15:18 | Build | Farm |
| 15:20 | Build | Farm |
| 15:25 | Build | Farm |
| 15:31 | Build | Mining Camp |
| 15:40 | Build | Farm |
| 15:43 | Build | Farm |
| 15:46 | Research | Scale Barding Armor |
| 15:46 | Research | Forging |
| 16:02 | Build | Stable |
| 16:19 | Build | Lumber Camp |
| 16:41 | Build | Palisade Wall |
| 16:48 | Build | House |
| 17:26 | Create | Villager (Male) |
| 17:27 | Create | Villager (Male) |
| 17:40 | Age | Castle Age |
| 17:50 | Create | Knight |
| 17:50 | Create | Knight |
| 18:01 | Research | Chain Barding Armor |
| 18:02 | Create | Knight |
| 18:03 | Create | Villager (Male) |
| 18:04 | Create | Villager (Male) |
| 18:15 | Build | Town Center |
| 18:33 | Create | Villager (Male) |
| 18:33 | Create | Villager (Male) |
| 18:46 | Create | Villager (Male) |
| 19:00 | Research | Husbandry |
| 19:13 | Build | Mining Camp |
| 19:19 | Create | Villager (Male) |
| 19:26 | Research | Bow Saw |
| 19:29 | Create | Knight |
| 19:29 | Create | Knight |
| 19:41 | Build | Palisade Gate |
| 19:57 | Build | House |
| 20:02 | Create | Villager (Male) ×5 |
| 20:04 | Create | Villager (Male) ×3 |
| 20:09 | Create | Villager (Male) |
| 20:30 | Create | Knight |
| 20:35 | Create | Villager (Male) ×2 |
| 20:40 | Build | Farm |
| 20:51 | Research | Light Cavalry (upgrade) |
| 20:57 | Create | Villager (Male) |
| 20:58 | Create | Villager (Male) |
| 21:03 | Build | Farm |
| 21:27 | Create | Villager (Male) ×4 |
| 21:30 | Build | Farm |
| 21:33 | Build | Farm |
| 21:37 | Create | Villager (Male) |
| 21:45 | Build | Lumber Camp |
| 21:57 | Build | Stable |
| 21:59 | Build | Farm |
| 22:09 | Create | Villager (Male) ×3 |
| 22:19 | Build | Mill |
| 22:20 | Build | Farm |
| 22:40 | Create | Scout Cavalry ×3 |
| 22:44 | Build | Farm |
| 23:05 | Research | Wheelbarrow |
| 23:05 | Research | Wheelbarrow |
| 23:09 | Build | Farm |
| 23:23 | Create | Scout Cavalry ×2 |
| 23:24 | Create | Villager (Male) |
| 24:05 | Create | Scout Cavalry ×3 |
| 24:05 | Create | Scout Cavalry ×3 |
| 24:11 | Create | Scout Cavalry |
| 24:11 | Create | Scout Cavalry |
Build order — Klacks
First 150 of 479 actions detected
| 0:01 | Create | Villager (Male) |
| 0:02 | Create | Villager (Male) |
| 0:02 | Create | Villager (Male) |
| 0:03 | Build | House |
| 0:05 | Build | House |
| 0:27 | Create | Villager (Male) |
| 1:25 | Create | Villager (Male) |
| 1:56 | Build | Lumber Camp |
| 1:57 | Create | Villager (Male) |
| 2:47 | Create | Villager (Male) |
| 2:48 | Create | Villager (Male) |
| 3:23 | Create | Villager (Male) |
| 3:36 | Create | Villager (Male) |
| 4:25 | Build | House |
| 4:26 | Create | Villager (Male) |
| 4:29 | Build | House |
| 4:59 | Create | Villager (Male) |
| 5:00 | Create | Villager (Male) |
| 5:08 | Build | Dock |
| 5:14 | Create | Villager (Male) |
| 5:36 | Build | House |
| 5:57 | Build | Palisade Wall |
| 5:59 | Build | Palisade Wall |
| 6:15 | Create | Fishing Ship |
| 6:21 | Create | Villager (Male) |
| 6:22 | Create | Villager (Male) |
| 6:28 | Create | Villager (Male) |
| 6:48 | Build | Mill |
| 7:01 | Build | Palisade Wall |
| 7:03 | Create | Fishing Ship |
| 7:35 | Create | Villager (Male) |
| 7:47 | Build | Palisade Wall |
| 7:49 | Build | Palisade Wall |
| 7:51 | Build | Palisade Wall |
| 7:54 | Build | Palisade Wall |
| 8:03 | Build | Palisade Wall |
| 8:12 | Create | Villager (Male) |
| 8:12 | Create | Villager (Male) |
| 8:28 | Create | Fishing Ship |
| 8:34 | Build | House |
| 8:52 | Research | Loom |
| 8:58 | Create | Villager (Male) |
| 9:27 | Build | Mining Camp |
| 9:30 | Create | Villager (Male) |
| 9:34 | Create | Fishing Ship |
| 10:24 | Research | Feudal Age |
| 11:20 | Build | House |
| 12:02 | Build | Barracks |
| 12:34 | Age | Feudal Age |
| 12:39 | Create | Fire Galley |
| 12:42 | Build | Palisade Wall |
| 12:43 | Build | Palisade Wall |
| 12:44 | Build | Palisade Wall |
| 13:02 | Create | Villager (Male) |
| 13:07 | Research | Double-Bit Axe |
| 13:09 | Create | Villager (Male) |
| 13:13 | Build | Blacksmith |
| 13:16 | Build | Palisade Wall |
| 13:18 | Build | Palisade Wall |
| 13:19 | Build | Palisade Wall |
| 13:20 | Create | Spearman |
| 14:04 | Build | Archery Range |
| 14:06 | Create | Villager (Male) |
| 14:06 | Create | Villager (Male) |
| 14:09 | Create | Fire Galley |
| 14:40 | Build | House |
| 15:18 | Create | Fire Galley |
| 15:21 | Research | Castle Age |
| 15:35 | Build | Mill |
| 16:01 | Research | Fletching |
| 16:08 | Create | Archer |
| 16:46 | Create | Galley |
| 16:47 | Create | Galley |
| 17:09 | Create | Archer |
| 17:09 | Create | Archer |
| 17:48 | Build | Archery Range |
| 18:03 | Build | House |
| 18:05 | Age | Castle Age |
| 18:05 | Build | House |
| 18:08 | Research | Bodkin Arrow |
| 18:10 | Create | Villager (Male) |
| 18:11 | Create | Villager (Male) |
| 18:28 | Create | Villager (Male) |
| 18:52 | Research | Crossbowman (upgrade) |
| 18:55 | Create | Villager (Male) |
| 19:18 | Create | Villager (Male) |
| 19:24 | Create | Archer |
| 19:24 | Create | Archer |
| 19:24 | Create | Archer |
| 19:38 | Create | Villager (Male) |
| 19:59 | Build | Town Center |
| 20:00 | Create | Villager (Male) |
| 20:23 | Build | Palisade Gate |
| 20:26 | Create | Archer |
| 20:26 | Create | Archer |
| 20:26 | Create | Archer |
| 20:40 | Create | Villager (Male) |
| 21:02 | Build | House |
| 21:03 | Build | House |
| 21:06 | Build | House |
| 21:49 | Create | Villager (Male) |
| 21:49 | Create | Villager (Male) |
| 21:55 | Build | Town Center |
| 21:59 | Create | Archer |
| 22:00 | Create | Archer |
| 22:00 | Create | Archer |
| 22:00 | Create | Archer |
| 22:00 | Create | Archer |
| 22:06 | Create | Villager (Male) |
| 22:06 | Create | Villager (Male) |
| 22:09 | Build | Farm |
| 22:10 | Build | Farm |
| 22:12 | Build | Farm |
| 22:40 | Create | Archer |
| 22:41 | Create | Archer |
| 22:41 | Create | Archer |
| 22:42 | Create | Villager (Male) |
| 22:43 | Create | Villager (Male) |
| 22:45 | Build | House |
| 22:49 | Create | Villager (Male) |
| 22:49 | Create | Villager (Male) |
| 23:00 | Build | House |
| 23:01 | Build | House |
| 23:08 | Build | Fish Trap |
| 23:09 | Build | Fish Trap |
| 23:37 | Build | Farm |
| 23:38 | Build | Farm |
| 23:39 | Build | Farm |
| 23:41 | Build | Farm |
| 23:42 | Build | Farm |
| 23:43 | Build | Farm |
| 23:44 | Research | Horse Collar |
| 23:45 | Create | Villager (Male) |
| 23:59 | Create | Villager (Male) |
| 24:00 | Create | Villager (Male) |
| 24:03 | Build | Farm |
| 24:04 | Create | Archer |
| 24:04 | Create | Archer |
| 24:28 | Build | Farm |
| 24:56 | Build | Farm |
| 24:57 | Build | Farm |
| 24:58 | Build | Farm |
| 24:58 | Create | Villager (Male) |
| 24:59 | Create | Villager (Male) |
| 24:59 | Create | Villager (Male) |
| 25:00 | Create | Archer |
| 25:00 | Create | Archer |
| 25:00 | Create | Archer |
| 25:01 | Create | Archer |
| 25:12 | Build | House |
Build order — deju30
First 150 of 576 actions detected
| 0:02 | Create | Villager (Male) |
| 0:02 | Create | Villager (Male) |
| 0:02 | Create | Villager (Male) |
| 0:04 | Build | House |
| 0:05 | Build | House |
| 0:12 | Create | Villager (Male) |
| 0:12 | Create | Villager (Male) |
| 1:31 | Create | Villager (Male) |
| 1:48 | Create | Villager (Male) |
| 1:53 | Build | Lumber Camp |
| 2:28 | Build | House |
| 2:35 | Create | Villager (Male) |
| 2:35 | Create | Villager (Male) |
| 3:27 | Create | Villager (Male) |
| 3:41 | Build | House |
| 3:58 | Create | Villager (Male) |
| 4:22 | Create | Villager (Male) |
| 4:47 | Create | Villager (Male) |
| 5:05 | Create | Villager (Male) |
| 5:05 | Create | Villager (Male) |
| 5:27 | Create | Villager (Male) |
| 5:55 | Create | Villager (Male) |
| 6:02 | Create | Villager (Male) |
| 6:23 | Build | Dock |
| 6:31 | Create | Villager (Male) |
| 6:56 | Create | Villager (Male) |
| 6:56 | Create | Villager (Male) |
| 7:40 | Create | Fishing Ship |
| 7:41 | Create | Fishing Ship |
| 7:43 | Build | House |
| 7:59 | Build | Mining Camp |
| 8:00 | Create | Villager (Male) |
| 8:17 | Build | House |
| 8:23 | Create | Fishing Ship |
| 8:26 | Create | Villager (Male) |
| 8:56 | Research | Feudal Age |
| 9:10 | Build | House |
| 9:27 | Create | Fishing Ship |
| 9:38 | Build | Palisade Wall |
| 10:33 | Create | Fishing Ship |
| 10:59 | Age | Feudal Age |
| 11:05 | Create | Villager (Male) |
| 11:05 | Create | Villager (Male) |
| 11:38 | Build | Barracks |
| 11:42 | Research | Double-Bit Axe |
| 11:44 | Create | Villager (Male) |
| 12:15 | Create | Villager (Male) |
| 12:15 | Create | Villager (Male) |
| 12:36 | Build | Mill |
| 12:39 | Research | Wheelbarrow |
| 13:23 | Build | Blacksmith |
| 14:11 | Create | Villager (Male) |
| 14:16 | Build | Stable |
| 14:34 | Create | Fire Galley |
| 15:08 | Create | Fire Galley |
| 15:20 | Research | Castle Age |
| 15:48 | Create | Fire Galley |
| 16:07 | Research | Horse Collar |
| 16:12 | Build | Farm |
| 16:13 | Build | Farm |
| 16:14 | Build | Farm |
| 16:15 | Build | Farm |
| 17:06 | Create | Villager (Male) |
| 17:08 | Build | House |
| 17:25 | Build | House |
| 17:31 | Create | Villager (Male) |
| 17:31 | Create | Villager (Male) |
| 17:45 | Age | Castle Age |
| 17:46 | Create | Knight |
| 17:46 | Create | Knight |
| 17:54 | Build | Town Center |
| 17:58 | Build | Town Center |
| 18:02 | Create | Villager (Male) |
| 18:03 | Create | Villager (Male) |
| 18:07 | Build | Farm |
| 18:23 | Create | Knight |
| 18:23 | Create | Knight |
| 18:28 | Create | Villager (Male) |
| 18:40 | Create | Villager (Male) |
| 19:03 | Create | Villager (Male) |
| 19:03 | Create | Villager (Male) |
| 19:18 | Create | Villager (Male) |
| 19:36 | Create | Villager (Male) |
| 19:49 | Create | Villager (Male) |
| 19:54 | Research | Loom |
| 19:56 | Build | House |
| 19:57 | Build | House |
| 19:58 | Build | House |
| 20:34 | Create | Knight |
| 20:34 | Create | Knight |
| 20:36 | Create | Villager (Male) |
| 20:38 | Create | Villager (Male) |
| 20:41 | Build | House |
| 21:09 | Create | Villager (Male) |
| 21:10 | Build | House |
| 22:16 | Create | Villager (Male) |
| 22:16 | Create | Villager (Male) |
| 22:29 | Create | Villager (Male) |
| 22:31 | Create | Villager (Male) |
| 23:07 | Build | Farm |
| 23:08 | Build | Farm |
| 23:09 | Build | Farm |
| 23:10 | Build | Farm |
| 23:11 | Build | Farm |
| 23:12 | Build | Farm |
| 23:13 | Build | Farm |
| 23:41 | Build | Farm |
| 23:41 | Build | Farm |
| 23:42 | Build | Farm |
| 23:44 | Build | Farm |
| 23:46 | Build | Farm |
| 23:47 | Build | Farm |
| 23:48 | Build | Farm |
| 23:50 | Build | Farm |
| 23:51 | Build | Farm |
| 23:51 | Build | Farm |
| 23:53 | Create | Villager (Male) |
| 23:55 | Create | Villager (Male) |
| 23:57 | Build | Farm |
| 24:22 | Create | Knight |
| 25:13 | Create | Villager (Male) |
| 25:14 | Create | Villager (Male) |
| 25:15 | Create | Villager (Male) |
| 25:15 | Create | Villager (Male) |
| 25:16 | Create | Villager (Male) |
| 25:17 | Create | Villager (Male) |
| 25:18 | Build | Farm |
| 25:20 | Build | Farm |
| 25:22 | Build | Farm |
| 25:26 | Create | Villager (Male) |
| 25:44 | Create | Knight |
| 25:45 | Create | Knight |
| 25:45 | Create | Knight |
| 25:49 | Create | Villager (Male) |
| 26:08 | Build | Farm |
| 26:09 | Build | Farm |
| 26:13 | Build | Farm |
| 26:14 | Build | Farm |
| 26:15 | Build | Farm |
| 26:16 | Create | Villager (Male) |
| 26:16 | Create | Villager (Male) |
| 26:19 | Create | Villager (Male) |
| 26:19 | Create | Villager (Male) |
| 26:20 | Create | Villager (Male) |
| 26:27 | Build | Town Center |
| 26:29 | Create | Villager (Male) |
| 26:32 | Create | Villager (Male) |
| 26:39 | Create | Villager (Male) |
| 26:40 | Create | Villager (Male) |
| 26:44 | Create | Knight |
Match timeline
| 2:53 | lofty · wall_segment Palisade Wall x1 |
| 2:54 | lofty · wall_segment Palisade Wall x1 |
| 2:54 | lofty · wall_segment Palisade Wall x1 |
| 2:56 | lofty · wall_segment Palisade Wall x1 |
| 3:03 | lofty · wall_segment Palisade Wall x1 |
| 3:04 | lofty · wall_segment Palisade Wall x1 |
| 3:13 | lofty · wall_segment Palisade Wall x1 |
| 5:07 | lofty · first_building Dock |
| 5:08 | Klacks · first_building Dock |
| 5:57 | Klacks · wall_segment Palisade Wall x3 |
| 5:59 | Klacks · wall_segment Palisade Wall x1 |
| 6:23 | deju30 · first_building Dock |
| 7:01 | Klacks · wall_segment Palisade Wall x3 |
| 7:10 | [AJJRR] Minillop · wall_segment Palisade Wall x9 |
| 7:12 | [AJJRR] Minillop · wall_segment Palisade Wall x1 |
| 7:47 | Klacks · wall_segment Palisade Wall x5 |
| 7:49 | Klacks · wall_segment Palisade Wall x1 |
| 7:51 | Klacks · wall_segment Palisade Wall x1 |
| 7:54 | Klacks · wall_segment Palisade Wall x7 |
| 7:57 | [AJJRR] Minillop · wall_segment Palisade Wall x5 |
| 7:57 | Brudi Love · first_building Dock |
| 7:58 | [AJJRR] Minillop · wall_segment Palisade Wall x1 |
| 8:00 | [AJJRR] Minillop · wall_segment Palisade Wall x1 |
| 8:01 | [AJJRR] Minillop · wall_segment Palisade Wall x1 |
| 8:02 | [AJJRR] Minillop · wall_segment Palisade Wall x1 |
| 8:03 | Klacks · wall_segment Palisade Wall x1 |
| 8:05 | [AJJRR] Minillop · wall_segment Palisade Wall x1 |
| 8:16 | Feigling#7 · wall_segment Palisade Wall x1 |
| 8:35 | [AJJRR] Minillop · wall_segment Palisade Wall x1 |
| 8:37 | [AJJRR] Minillop · wall_segment Palisade Wall x1 |
| 8:38 | [AJJRR] Minillop · wall_segment Palisade Wall x1 |
| 8:40 | [AJJRR] Minillop · wall_segment Palisade Wall x1 |
| 9:38 | deju30 · wall_segment Palisade Wall x6 |
| 10:08 | Feigling#7 · wall_segment Palisade Wall x1 |
| 10:11 | Feigling#7 · wall_segment Palisade Wall x5 |
| 10:28 | lofty · first_building Barracks |
| 10:46 | Feigling#7 · age_up feudal |
| 10:59 | deju30 · age_up feudal |
| 11:12 | lofty · age_up feudal |
| 11:38 | deju30 · first_building Barracks |
| 11:47 | lofty · first_building Stable |
| 11:56 | lofty · wall_segment Palisade Wall x5 |
| 11:57 | [AJJRR] Minillop · age_up feudal |
| 11:59 | lofty · wall_segment Palisade Wall x2 |
| 12:00 | Brudi Love · first_building Barracks |
| 12:02 | Klacks · first_building Barracks |
| 12:19 | lofty · wall_segment Palisade Wall x1 |
| 12:20 | lofty · wall_segment Palisade Wall x1 |
| 12:20 | lofty · wall_segment Palisade Wall x1 |
| 12:34 | Klacks · age_up feudal |
| 12:34 | Brudi Love · wall_segment Palisade Wall x1 |
| 12:38 | lofty · wall_segment Palisade Wall x1 |
| 12:40 | Brudi Love · age_up feudal |
| 12:42 | Klacks · wall_segment Palisade Wall x1 |
| 12:43 | Klacks · wall_segment Palisade Wall x1 |
| 12:44 | Feigling#7 · wall_segment Palisade Wall x9 |
| 12:44 | Klacks · wall_segment Palisade Wall x1 |
| 13:00 | Brudi Love · first_building Stable |
| 13:13 | lofty · wall_segment Palisade Wall x6 |
| 13:16 | Klacks · wall_segment Palisade Wall x1 |
| 13:18 | Klacks · wall_segment Palisade Wall x1 |
| 13:19 | Klacks · wall_segment Palisade Wall x1 |
| 13:23 | lofty · wall_segment Palisade Wall x4 |
| 13:35 | lofty · wall_segment Palisade Wall x1 |
| 13:36 | lofty · wall_segment Palisade Wall x1 |
| 13:55 | Feigling#7 · wall_segment Palisade Wall x1 |
| 13:56 | Feigling#7 · wall_segment Palisade Wall x1 |
| 13:57 | Feigling#7 · wall_segment Palisade Wall x1 |
| 13:59 | Feigling#7 · wall_segment Palisade Wall x1 |
| 14:04 | Klacks · first_building Archery Range |
| 14:08 | Feigling#7 · wall_segment Palisade Wall x1 |
| 14:12 | [AJJRR] Minillop · wall_segment Palisade Wall x5 |
| 14:16 | deju30 · first_building Stable |
| 15:20 | Feigling#7 · age_up castle |
| 16:02 | [AJJRR] Minillop · first_building Barracks |
| 16:15 | [AJJRR] Minillop · wall_segment Palisade Wall x8 |
| 16:38 | Feigling#7 · wall_segment Palisade Wall x4 |
| 16:41 | lofty · wall_segment Palisade Wall x1 |
| 17:40 | lofty · age_up castle |
| 17:42 | [AJJRR] Minillop · age_up castle |
| 17:45 | deju30 · age_up castle |
| 17:53 | Feigling#7 · first_building Castle |
| 18:01 | [AJJRR] Minillop · wall_segment Palisade Wall x7 |
| 18:05 | Klacks · age_up castle |
| 18:36 | Feigling#7 · first_building Monastery |
| 19:13 | [AJJRR] Minillop · first_building Dock |
| 21:38 | Brudi Love · age_up castle |
| 22:59 | Feigling#7 · first_building Barracks |
| 23:36 | Feigling#7 · first_building Dock |
| 24:00 | Feigling#7 · first_building Stable |
| 25:54 | [AJJRR] Minillop · first_market_buy 100 food |
| 25:57 | lofty · first_building Castle |
| 26:07 | Klacks · wall_segment Palisade Wall x1 |
| 26:37 | Klacks · first_building Siege Workshop |
| 27:39 | deju30 · first_building Castle |
| 28:41 | lofty · first_market_sell 500 wood |
| 28:42 | lofty · first_market_buy 500 food |
| 29:52 | Brudi Love · wall_segment Palisade Wall x1 |
| 29:56 | [AJJRR] Minillop · first_building Castle |
| 30:05 | deju30 · first_market_sell 100 stone |
| 30:26 | Klacks · first_market_sell 100 food |
| 30:33 | [AJJRR] Minillop · tribute_sent a jugador 1 |
| 30:33 | [AJJRR] Minillop · tribute_sent a jugador 3 |
| 30:33 | [AJJRR] Minillop · tribute_sent a jugador 4 |
| 30:33 | [AJJRR] Minillop · tribute_sent a jugador 5 |
| 30:33 | [AJJRR] Minillop · tribute_sent a jugador 6 |
| 31:08 | Klacks · first_building Monastery |
| 31:54 | lofty · age_up imperial |
| 34:07 | Feigling#7 · first_building Siege Workshop |
| 34:18 | Feigling#7 · first_building Archery Range |
| 34:25 | [AJJRR] Minillop · tribute_sent a jugador 1 |
| 34:25 | [AJJRR] Minillop · tribute_sent a jugador 3 |
| 34:25 | [AJJRR] Minillop · tribute_sent a jugador 4 |
| 34:25 | [AJJRR] Minillop · tribute_sent a jugador 5 |
| 34:25 | [AJJRR] Minillop · tribute_sent a jugador 6 |
| 35:25 | Klacks · age_up imperial |
| 35:29 | lofty · first_building Archery Range |
| 35:39 | Feigling#7 · age_up imperial |
| 36:07 | Klacks · first_building Castle |
| 36:36 | Klacks · tribute_sent a jugador 1 |
| 36:36 | Klacks · tribute_sent a jugador 2 |
| 36:36 | Klacks · tribute_sent a jugador 3 |
| 36:36 | Klacks · tribute_sent a jugador 4 |
| 36:36 | Klacks · tribute_sent a jugador 6 |
| 36:45 | Brudi Love · first_building Castle |
| 38:22 | deju30 · first_building Archery Range |
| 38:45 | [AJJRR] Minillop · age_up imperial |
| 39:06 | deju30 · age_up imperial |
| 39:36 | deju30 · first_market_buy 100 wood |
| 39:41 | Feigling#7 · wall_segment Stone Wall x7 |
| 39:51 | Feigling#7 · wall_segment Stone Wall x2 |
| 40:20 | [AJJRR] Minillop · tribute_sent a jugador 1 |
| 40:20 | [AJJRR] Minillop · tribute_sent a jugador 3 |
| 40:20 | [AJJRR] Minillop · tribute_sent a jugador 4 |
| 40:20 | [AJJRR] Minillop · tribute_sent a jugador 5 |
| 40:20 | [AJJRR] Minillop · tribute_sent a jugador 6 |
| 40:28 | lofty · first_building Monastery |
| 41:02 | [AJJRR] Minillop · first_building Siege Workshop |
| 41:54 | Brudi Love · age_up imperial |
| 42:06 | [AJJRR] Minillop · tribute_sent a jugador 1 |
| 42:06 | [AJJRR] Minillop · tribute_sent a jugador 3 |
| 42:06 | [AJJRR] Minillop · tribute_sent a jugador 4 |
| 42:06 | [AJJRR] Minillop · tribute_sent a jugador 5 |
| 42:06 | [AJJRR] Minillop · tribute_sent a jugador 6 |
| 43:18 | deju30 · first_building Siege Workshop |
| 43:36 | Klacks · wall_segment Stone Wall x7 |
| 43:38 | Klacks · wall_segment Stone Wall x9 |
| 44:05 | Feigling#7 · wall_segment Stone Wall x1 |
| 44:10 | Feigling#7 · wall_segment Stone Wall x4 |
| 44:11 | Feigling#7 · wall_segment Stone Wall x4 |
| 44:18 | [AJJRR] Minillop · tribute_sent a jugador 1 |
| 44:18 | [AJJRR] Minillop · tribute_sent a jugador 3 |
| 44:18 | [AJJRR] Minillop · tribute_sent a jugador 4 |
| 44:18 | [AJJRR] Minillop · tribute_sent a jugador 5 |
| 44:18 | [AJJRR] Minillop · tribute_sent a jugador 6 |
| 47:21 | [AJJRR] Minillop · tribute_sent a jugador 1 |
| 47:21 | [AJJRR] Minillop · tribute_sent a jugador 3 |
| 47:21 | [AJJRR] Minillop · tribute_sent a jugador 4 |
| 47:21 | [AJJRR] Minillop · tribute_sent a jugador 5 |
| 47:21 | [AJJRR] Minillop · tribute_sent a jugador 6 |
| 48:00 | Feigling#7 · first_market_sell 100 stone |
| 49:49 | Brudi Love · first_market_sell 500 stone |
| 49:54 | [AJJRR] Minillop · tribute_sent a jugador 1 |
| 49:54 | [AJJRR] Minillop · tribute_sent a jugador 3 |
| 49:54 | [AJJRR] Minillop · tribute_sent a jugador 4 |
| 49:54 | [AJJRR] Minillop · tribute_sent a jugador 5 |
| 49:54 | [AJJRR] Minillop · tribute_sent a jugador 6 |
| 50:30 | Feigling#7 · tribute_sent a jugador 2 |
| 50:30 | Feigling#7 · tribute_sent a jugador 3 |
| 50:30 | Feigling#7 · tribute_sent a jugador 4 |
| 50:30 | Feigling#7 · tribute_sent a jugador 5 |
| 50:30 | Feigling#7 · tribute_sent a jugador 6 |
| 50:32 | Brudi Love · tribute_sent a jugador 1 |
| 50:32 | Brudi Love · tribute_sent a jugador 2 |
| 50:32 | Brudi Love · tribute_sent a jugador 4 |
| 50:32 | Brudi Love · tribute_sent a jugador 5 |
| 50:32 | Brudi Love · tribute_sent a jugador 6 |
| 51:00 | lofty · wall_segment Palisade Wall x1 |
| 53:22 | [AJJRR] Minillop · tribute_sent a jugador 1 |
| 53:22 | [AJJRR] Minillop · tribute_sent a jugador 3 |
| 53:22 | [AJJRR] Minillop · tribute_sent a jugador 4 |
| 53:22 | [AJJRR] Minillop · tribute_sent a jugador 5 |
| 53:22 | [AJJRR] Minillop · tribute_sent a jugador 6 |
| 55:42 | [AJJRR] Minillop · tribute_sent a jugador 1 |
| 55:42 | [AJJRR] Minillop · tribute_sent a jugador 3 |
| 55:42 | [AJJRR] Minillop · tribute_sent a jugador 4 |
| 55:42 | [AJJRR] Minillop · tribute_sent a jugador 5 |
| 55:42 | [AJJRR] Minillop · tribute_sent a jugador 6 |
| 56:23 | Klacks · resign |
[ AI ANALYSIS · 1 CREDIT ]
What really happened in this match?
Wolo.gg analyzes every decision: build order, eco, micro, common mistakes by bracket. Personalized analysis on WhatsApp or Discord in 30 seconds.
Civ guide
Wu
Perfil
[AJJRR] Minillop